 Dungeon Crawl Stone Soup version 0.20.0-15-g7f486f2 (webtiles) character file.

33 Gargoyl the Skirmisher (level 3, -2/33 HPs)
             Began as a Minotaur Abyssal Knight on June 30, 2017.
             Was a Follower of Lugonu.
             Slain by a hobgoblin (5 damage)
             ... on level 2 of the Dungeon.
             The game lasted 00:02:03 (1132 turns).

Gargoyl the Skirmisher (Minotaur Abyssal Knight)    Turns: 1132, Time: 00:02:04

Health: -2/33      AC:  5    Str: 16    XL:     3   Next: 12%
Magic:  3/3        EV: 11    Int: 14    God:    Lugonu [*.....]
Gold:   119        SH:  0    Dex: 10    Spells: 2/2 levels left

rFire    . . .     SeeInvis .   a - +1 hand axe
rCold    . . .     Gourm    .   (no shield)
rNeg     . . .     Faith    .   b - +0 leather armour
rPois    .         Spirit   .   (helmet restricted)
rElec    .         Reflect  .   (no cloak)
rCorr    .         Harm     .   g - +0 pair of gloves (curse)
MR       .....                  e - +0 pair of boots
Stlth    +.........             (no amulet)
Regen    0.2/turn               (no ring)
MPRegen  0.1/turn               (no ring)

@: brilliant
A: retaliatory headbutt, horns 2
a: Depart the Abyss, Renounce Religion


You were on level 2 of the Dungeon.
You worshipped Lugonu.
Lugonu was aware of your devotion.
You were hungry.

You visited 1 branch of the dungeon, and saw 2 of its levels.
You visited the Abyss 1 time.

You collected 119 gold pieces.

Inventory:

Hand Weapons
 a - a +1 hand axe (weapon)
Armour
 b - a +0 leather armour (worn)
 e - a +0 pair of boots (worn)
 g - a cursed +0 pair of gloves (worn)
Jewellery
 i - an uncursed ring of fire
Scrolls
 m - 2 scrolls of identify
 n - a scroll of fear {unknown}
Potions
 d - a potion of flight
 f - a potion of berserk rage {unknown}
 h - a potion of cancellation {unknown}
 j - a potion of brilliance
 k - a potion of mutation {unknown}
 l - a potion of curing {unknown}
Comestibles
 c - a bread ration


   Skills:
 + Level 4.1 Fighting
 + Level 3.0 Axes
 * Level 2.8 Armour
 + Level 1.3 Dodging
 * Level 2.3 Invocations


You had 2 spell levels left.
You didn't know any spells.

Dungeon Overview and Level Annotations

Branches:
Dungeon (2/15)

Altars:
Cheibriados


Innate Abilities, Weirdness & Mutations

You reflexively headbutt those who attack you in melee.
You have a pair of horns on your head.


Message History

You hit the hobgoblin. The gnoll hits you but does no damage.
The hobgoblin closely misses you.
The gnoll hits you from afar with a spear.
You closely miss the gnoll.
The gnoll is lightly wounded.
You hit the hobgoblin but do no damage. The gnoll barely misses you.
The hobgoblin closely misses you.
The gnoll hits you from afar with a spear.
* * * LOW HITPOINT WARNING * * *
You hit the gnoll. You headbutt the gnoll.
The gnoll is severely wounded.
You hit the hobgoblin. The gnoll hits you with a whip.
* * * LOW HITPOINT WARNING * * *
The hobgoblin closely misses you. The gnoll barely misses you.
The gnoll hits you with a whip.
* * * LOW HITPOINT WARNING * * *
It was a potion of brilliance.
You feel clever all of a sudden. The hobgoblin hits you.
You die...

##.#.##.##
........
######.....
.........#
#<# #.# #.#
#g# #@# #g#
#g# #g. #._
#... #...
##...


You could see 3 gnolls and a hobgoblin.

Vanquished Creatures
  A gnoll (D:2)
  3 dart slugs (D:1)
  3 bats (D:1)
  A goblin (D:1)
  5 hobgoblins (D:1)
  A frilled lizard (D:1)
  3 kobolds (D:1)
17 creatures vanquished.

Notes
Turn   | Place    | Note
-------+----------+-------------------------------------------
     0 | Abyss:1  | Gargoyl the Minotaur Abyssal Knight began the quest for the Orb.
     0 | Abyss:1  | Reached XP level 1. HP: 19/19 MP: 1/1
   110 | Abyss:1  | Noticed a large abomination
   199 | D:1      | Escaped the Abyss
   574 | D:1      | Reached XP level 2. HP: 22/27 MP: 2/2
   576 | D:1      | Reached * piety under Lugonu
   960 | D:1      | Reached skill level 4 in Fighting
  1118 | D:2      | Found a snail-covered altar of Cheibriados.
  1124 | D:2      | Reached XP level 3. HP: 31/33 MP: 3/3
  1132 | D:2      | Slain by a hobgoblin

Skill      XL: |  1  2 |
---------------+-------+-----
Invocations    | 2 |  2.3
Fighting       | 4 |  4.1
Axes           | 3 |  3.0
Armour         | |  2.8
Dodging        | |  1.3

Action                   || total
-------------------------++-------
Melee: Hand axe          ||    35
       Headbutt          ||     6
Invok: Depart the Abyss  ||     1
  Use: Scroll            ||     1
       Potion            ||     1
Armor: Leather armour    ||    13
Dodge: Dodged            ||    26
